 Dungeon Crawl Stone Soup version 0.24-a0-67-ga78bd38 (webtiles) character file.

Game seed: 12899557683215812305

31598 Blackhawk the Protected (level 13, 0/87 HPs)
             Began as a Gargoyle Fighter on Feb 5, 2019.
             Was the Champion of Okawaru.
             Slain by a polar bear (4 damage)
             ... on level 6 of the Lair of Beasts.
             The game lasted 00:29:44 (17068 turns).

Blackhawk the Protected (Gargoyle Fighter)         Turns: 17068, Time: 00:29:44

Health: 0/87       AC: 30    Str: 24    XL:     13   Next: 59%
Magic:  17/17      EV:  8    Int: 10    God:    Okawaru [******]
Gold:   713        SH: 19    Dex:  9    Spells: 12/12 levels left

rFire    . . .     SeeInvis +   b - +5 whip (elec)
rCold    . . .     Gourm    .   p - +3 shield
rNeg     + + .     Faith    .   D - +0 chain mail
rPois    ∞         Spirit   .   U - +1 hat
rElec    +         Reflect  +   K - +2 cloak of the Thief {+Fog Slay-2 SInv Stlth+}
rCorr    .         Harm     .   m - +1 pair of gloves {archery}
MR       +....                  y - +0 pair of boots
Stlth    ..........             v - +3 amulet of reflection
HPRegen  0.24/turn              L - ring of protection from magic
MPRegen  0.15/turn              h - ring of positive energy

@: no status effects
A: negative energy resistance 1, electricity resistance, unbreathing,
petrification resistance, rot immunity, AC +9
a: Heroism, Finesse, Renounce Religion, Evoke Fog


You were on level 6 of the Lair of Beasts.
You worshipped Okawaru.
Okawaru was exalted by your worship.
You were not hungry.

You visited 2 branches of the dungeon, and saw 16 of its levels.

You collected 1014 gold pieces.
You spent 301 gold pieces at shops.

Inventory:

Hand Weapons
 a - a +3 war axe of freezing
 b - a +5 whip of electrocution (weapon)
 Y - a +0 broad axe
Missiles
 s - 13 tomahawks (quivered)
Armour
 m - a +1 pair of gloves of archery (worn)
 p - a +3 shield (worn)
 y - a +0 pair of boots (worn)
 D - a +0 chain mail (worn)
 K - the +2 cloak of the Thief (worn) {+Fog Slay-2 SInv Stlth+}
   (You bought it in a shop on level 9 of the Dungeon)

   It affects your accuracy and damage with ranged weapons and melee attacks
   (-2).
   It lets you see invisible.
   It makes you more stealthy.
 O - a +0 pair of gloves of dexterity
 U - a +1 hat (worn)
Jewellery
 g - an uncursed ring of flight
 h - a ring of positive energy (right hand)
 u - an uncursed ring of resist corrosion
 v - a +3 amulet of reflection (around neck)
 w - an uncursed ring of fire
 L - a ring of protection from magic (left hand)
 T - the ring of Iqeesalius {rElec rPois MP+9 Slay-4 Stlth-}
   (You found it on level 1 of the Lair of Beasts)

   [ring of attention]

   It affects your accuracy and damage with ranged weapons and melee attacks
   (-4).
   It insulates you from electricity.
   It protects you from poison.
   It affects your magic capacity (+9).
   It makes you less stealthy.
Wands
 A - a wand of random effects (25)
 C - a wand of enslavement (6)
 F - a wand of disintegration (26)
 S - a wand of iceblast (16)
 Z - a wand of flame (36)
Scrolls
 e - a scroll of identify
 i - 7 scrolls of remove curse
 n - 3 scrolls of magic mapping
 q - 7 scrolls of teleportation
 B - 2 scrolls of fear
 E - 3 scrolls of enchant armour
 G - 3 scrolls of amnesia
 M - 2 scrolls of blinking
 P - 3 scrolls of enchant weapon
 X - 3 scrolls of fog
Potions
 c - 2 potions of resistance
 d - a potion of might
 j - 2 potions of berserk rage
 l - 9 potions of curing
 r - 4 potions of lignification
 x - a potion of mutation
 H - 3 potions of magic
 I - 2 potions of brilliance
 J - a potion of ambrosia
 N - a potion of agility
 Q - a potion of haste
 R - 2 potions of heal wounds
 V - 2 potions of invisibility
 W - 2 potions of flight
Comestibles
 f - 35 rations
 k - 8 chunks of flesh


   Skills:
 + Level 12.3 Fighting
 + Level 10.4 Axes
 + Level 12.3 Armour
 + Level 12.3 Shields
 + Level 6.4 Invocations


You had 12 spell levels left.
You didn't know any spells.
Your spell library contained the following spells:

 Spells                   Type           Power        Failure   Level  Hunger
 Corona                   Hex            #......      95%         1    ##.....
 Slow                     Hex            #.......     98%         2    ###....
 Ignite Poison            Fire/Tmut/Pois #.......     100%        3    ####...
 Inner Flame              Hex/Fire       #.......     100%        3    ####...
 Portal Projectile        Hex/Tloc       #.....       100%        3    ####...
 Cause Fear               Hex            #.........   100%        4    #####..
 Leda's Liquefaction      Hex/Erth       #.........   100%        4    #####..
 Fireball                 Conj/Fire      #.........   100%        5    ######.
 Bolt of Fire             Conj/Fire      #.........   100%        6    #######
 Ring of Flames           Chrm/Fire      #.........   100%        7    #######
 Ignition                 Fire           #.........   100%        8    #######


Dungeon Overview and Level Annotations

Branches:
Dungeon (10/15)            Temple (0/1) D:7            Lair (6/6) D:10
 Shoals (0/4) Lair:4       Spider (0/4) Lair:2        Slime (0/5) Lair:5
    Orc (0/2) D:9

Altars:
Elyvilon
Gozag
Hepliaklqana
Kikubaaqudgha
Makhleb
Nemelex Xobeh
Okawaru
Qazlal
Ru
Wu Jian
Yredelemnul
The Shining One
Jiyva

Shops:
D:9 ([}

Annotations:
D:5 3 runed translucent doors, jagoly's ghost, novice DECj
D:10 2 transporters, Violenta's ghost, novice MiCK
Lair:4 exclusion: oklob plant
Lair:5 exclusion: oklob plant


Innate Abilities, Weirdness & Mutations

You are resistant to torment.
Your stone body is resilient. (AC +9)
You are immune to poison.
You resist negative energy. (rN+)
You are resistant to electric shocks. (rElec)
You can survive without breathing.
You are immune to petrification.
You are immune to rotting.


Message History

The polar bear is severely wounded.
The polar bear goes berserk!
You closely miss the polar bear.
The polar bear is severely wounded.
The polar bear bites you but does no damage.
The polar bear claws you but does no damage.
You block the polar bear's attack.
You barely miss the polar bear.
The polar bear is severely wounded.
The polar bear bites you!!
* * * LOW HITPOINT WARNING * * *
You block the polar bear's attack. x2
You closely miss the polar bear.
The polar bear is severely wounded.
You block the polar bear's attack.
The polar bear claws you but does no damage. x2
You completely miss the polar bear.
The polar bear is severely wounded.
The polar bear bites you.
You die...

##..#.#...#.###
#..#####.#### ##.########
#### . #...#.#..######.(#
.# #.........#.#.#..##
###...
##......÷..#......##..h...
#................#......h
###....##h....##....#
#.#.##@#....###..##
#########..## #.## #.##
### ###


You could see a polar bear (berserk).

Vanquished Creatures
  Gastronok (Lair:1)
  Erolcha (D:9)
  3 hydras
  Erica (D:9)
  An anaconda (Lair:6)
  A death yak (Lair:4)
  Sonja (Lair:4)
  Nergalle (Lair:2)
  An unseen horror (D:10)
  A lindwurm (Lair:6)
  A manticore (Lair:4)
  A faun (Lair:2)
  A wolf spider (Lair:6)
  5 black mambas
  Maurice (D:10)
  A torpor snail (Lair:4)
  Joseph (D:9)
  4 spiny frogs
  2 rime drakes
  2 komodo dragons
  A troll (D:9)
  3 polar bears (Lair:6)
  Grinder (D:4)
  3 raiju (Lair:6)
  4 hippogriffs
  10 yaks
  Sigmund (D:5)
  A wyvern (D:10)
  A wraith (D:10)
  Eustachio (D:4)
  A basilisk (Lair:4)
  A hungry ghost (D:10)
  A warg (Lair:6)
  9 water moccasins
  13 hell hounds (Lair:6)
  6 porcupines
  5 orc warriors
  An ice beast (D:5)
  A sky beast (D:9)
  10 black bears
  5 ogres
  2 phantoms
  48 wolves
  2 necrophages (D:5)
  6 centaurs
  7 crocodiles
  11 bullfrogs
  Blork the orc (D:4)
  2 gnoll sergeants
  A wyvern skeleton (D:8)
  3 scorpions
  4 wights (D:9)
  4 electric eels
  5 crimson imps
  5 centaur zombies
  A bullfrog zombie (D:5)
  3 orc priests
  6 hounds
  A bullfrog skeleton (D:8)
  2 jellies
  A centaur skeleton (D:9)
  5 iguanas
  7 worker ants
  Ijyb (D:4)
  2 orc wizards
  2 worker ant zombies (D:9)
  9 gnolls
  8 adders
  2 river rats (D:3)
  2 adder zombies
  5 worms
  A dart slug (D:1)
  6 leopard geckos
  23 orcs
  5 ball pythons
  7 giant cockroaches
  11 goblins
  8 hobgoblins
  4 jackals (D:4)
  2 quokkas
  6 bats
  8 frilled lizards
  14 kobolds
  A quokka skeleton (D:6)
  8 rats
372 creatures vanquished.

Vanquished Creatures (others)
  An adder (D:10)
  A quokka (D:5)
  9 fungi
  9 plants
20 creatures vanquished.

Grand Total: 392 creatures vanquished

Notes
Turn   | Place    | Note
-------+----------+-------------------------------------------
     0 | D:1      | Blackhawk the Gargoyle Fighter began the quest for the Orb.
     0 | D:1      | Reached XP level 1. HP: 14/14 MP: 1/1
   182 | D:1      | Reached XP level 2. HP: 19/19 MP: 2/2
   553 | D:1      | Reached XP level 3. HP: 23/23 MP: 3/3
  1237 | D:2      | Found a sparkling altar of Nemelex Xobeh.
  1326 | D:2      | Found an ancient bone altar of Kikubaaqudgha.
  1336 | D:2      | Reached XP level 4. HP: 29/29 MP: 4/4
  1344 | D:2      | Noticed a centaur
  1361 | D:2      | Killed a centaur
  1361 | D:2      | Reached XP level 5. HP: 13/33 MP: 5/5
  1740 | D:3      | Found a sacrificial altar of Ru.
  1835 | D:3      | Found a burning altar of Makhleb.
  1996 | D:3      | Found a basalt altar of Yredelemnul.
  2035 | D:3      | Found a hazy altar of Hepliaklqana.
  2375 | D:3      | Reached XP level 6. HP: 35/39 MP: 6/6
  2958 | D:4      | Noticed Blork the orc
  2973 | D:4      | Killed Blork the orc
  2973 | D:4      | Reached skill level 5 in Fighting
  2973 | D:4      | Reached skill level 5 in Armour
  2973 | D:4      | Reached skill level 5 in Shields
  3044 | D:4      | Reached XP level 7. HP: 44/44 MP: 7/7
  3213 | D:4      | Noticed Eustachio
  3238 | D:4      | Killed Eustachio
  3242 | D:4      | Noticed Ijyb
  3260 | D:4      | Killed Ijyb
  3276 | D:4      | Noticed Grinder
  3282 | D:4      | Paralysed by Grinder for 4 turns
  3296 | D:4      | Killed Grinder
  3296 | D:4      | Reached XP level 8. HP: 51/51 MP: 8/8
  3400 | D:4      | Found an iron altar of Okawaru.
  3407 | D:4      | Became a worshipper of Warmaster Okawaru
  3621 | D:5      | Entered Level 5 of the Dungeon
  3852 | D:5      | Noticed Sigmund
  3865 | D:5      | Killed Sigmund
  3920 | D:5      | Reached * piety under Okawaru
  4045 | D:5      | Found a white marble altar of Elyvilon.
  4070 | D:5      | Reached skill level 5 in Axes
  4132 | D:5      | Found an opulent altar of Gozag.
  4236 | D:5      | Reached XP level 9. HP: 56/56 MP: 9/9
  4360 | D:5      | Found a runed translucent gate.
  4360 | D:5      | Found a runed translucent gate.
  4360 | D:5      | Found a runed translucent gate.
  4365 | D:5      | Noticed jagoly's ghost (novice DECj)
  4876 | D:6      | Found a glowing golden altar of the Shining One.
  5265 | D:6      | Reached ** piety under Okawaru
  5813 | D:7      | Found a stormy altar of Qazlal.
  5956 | D:7      | Found an ornate altar of the Wu Jian Council.
  6117 | D:7      | Found a staircase to the Ecumenical Temple.
  6750 | D:8      | Reached *** piety under Okawaru
  7048 | D:8      | Reached XP level 10. HP: 42/64 MP: 10/10
  7709 | D:9      | Found a basalt altar of Yredelemnul.
  7779 | D:9      | Noticed Joseph
  7784 | D:9      | Noticed Erica
  7803 | D:9      | Killed Joseph
  7830 | D:9      | Killed Erica
  8327 | D:9      | Noticed Erolcha
  8333 | D:9      | Killed Erolcha
  8333 | D:9      | Reached **** piety under Okawaru
  8561 | D:9      | Found Sairgh's Weapon Boutique.
  8561 | D:9      | Found a staircase to the Orcish Mines.
  8567 | D:9      | Found Voitoi's Armour Boutique.
  8580 | D:9      | Received a gift from Okawaru
  8903 | D:9      | Found Ewuthro's Gadget Emporium.
  9152 | D:10     | Entered Level 10 of the Dungeon
  9152 | D:10     | Found a transporter.
  9192 | D:9      | Bought the +2 cloak of the Thief {+Fog Slay-2 SInv Stlth+}
                  | for 301 gold pieces
  9192 | D:9      | Found the +2 cloak of the Thief {+Fog Slay-2 SInv Stlth+}
  9226 | D:10     | Found a transporter.
  9226 | D:10     | Noticed Violenta's ghost (novice MiCK)
  9227 | D:10     | Noticed a death knight
  9241 | D:10     | Reached XP level 11. HP: 59/71 MP: 11/11
  9420 | D:10     | Noticed an unseen horror
  9430 | D:10     | Killed an unseen horror
  9641 | D:10     | Noticed Maurice
  9679 | D:10     | Reached skill level 10 in Armour
  9679 | D:10     | Reached skill level 10 in Shields
  9686 | D:10     | Reached skill level 10 in Fighting
  9828 | D:9      | Reached ***** piety under Okawaru
  9922 | D:10     | Killed Maurice
  9958 | D:10     | Found a staircase to the Lair.
 10004 | D:10     | Found a white marble altar of Elyvilon.
 10033 | Lair:1   | Entered Level 1 of the Lair of Beasts
 10151 | Lair:1   | Got a shimmering bone ring
 10152 | Lair:1   | Identified the ring of Iqeesalius {rElec rPois MP+9 Slay-4
                  | Stlth-} (You found it on level 1 of the Lair of Beasts)
 10159 | Lair:1   | Noticed Gastronok
 10178 | Lair:1   | Killed Gastronok
 10446 | Lair:1   | Noticed an eight-headed hydra
 10494 | D:10     | Received a gift from Okawaru
 10676 | Lair:1   | Killed an eight-headed hydra
 10983 | Lair:1   | Reached skill level 1 in Invocations
 10983 | Lair:1   | Reached XP level 12. HP: 79/79 MP: 12/12
 11225 | Lair:2   | Found a hole to the Spider Nest.
 11418 | Lair:2   | Noticed Nergalle
 11440 | Lair:2   | Killed Nergalle
 13743 | Lair:4   | Found a staircase to the Shoals.
 14025 | Lair:4   | Reached ****** piety under Okawaru
 14025 | Lair:4   | Received a gift from Okawaru
 14027 | Lair:4   | Noticed Sonja
 14285 | Lair:4   | Killed Sonja
 14372 | Lair:4   | Noticed a five-headed hydra
 14386 | Lair:4   | Killed a five-headed hydra
 14595 | Lair:4   | Noticed a death yak
 14615 | Lair:4   | Killed a death yak
 14615 | Lair:4   | Reached skill level 5 in Invocations
 14615 | Lair:4   | Reached XP level 13. HP: 49/85 MP: 16/16
 15104 | Lair:5   | Found a staircase to the Slime Pits.
 15104 | Lair:5   | Found a viscous altar of Jiyva.
 15216 | Lair:4   | Reached skill level 10 in Axes
 15718 | Lair:6   | Entered Level 6 of the Lair of Beasts
 15781 | Lair:6   | Identified a scroll of acquirement
 15898 | Lair:6   | Received a gift from Okawaru
 17066 | Lair:6   | HP: 3/87 [polar bear (19)]
 17068 | Lair:6   | Slain by a polar bear

Vault maps used:
D:1:      dpeg_arrival_houses_and_road
D:2:      overflow_temple_1_default, lemuel_round_altar,
          minmay_worlds_worst_comb
D:3:      minmay_diamond_boxcup, nicolae_overflow_crystal_walls,
          marbit_many_paths, lemuel_doored_altar, lightli_sewer_entry_pipes,
          yredelemnul_altar_generic
D:4:      lemuel_crystal_altar, first_ration, uniq_ijyb, uniq_grinder,
          uniq_blork_the_orc, uniq_eustachio
D:5:      elyvilon_altar_4, lemuel_crystal_altar, gammafunk_ghost_necromancy,
          uniq_sigmund
D:6:      kennysheep_mini
D:7:      old_standard_altar, overflow_temple_1_default,
          minmay_temple_entry_poolview, minivault_14, minmay_misc_feat_diagonals
D:8:      grunt_ogre_cave, minmay_between
D:9:      old_standard_altar, orc_david_3, serial_shops, kennysheep_little_box,
          uniq_joseph, uniq_erica, uniq_erolcha
D:10:     grunt_lair_entry_orc_guard_hut, basic_altar,
          gammafunk_ghost_mausoleum, minmay_misc_feat_tower,
          corexii_hall_statues_u, dpeg_stationary_puzzle, uniq_maurice
Lair:1:   uniq_gastronok
Lair:2:   spider_nest_entry_web_field, enter_volcano_2,
          grunt_forest_large_clearings, uniq_nergalle
Lair:3:   serial_bayou_shore_a
Lair:4:   minmay_shoals_entry_beasts, uniq_sonja
Lair:5:   slime_altar_1, columned_hall_lemuel, lemuel_fruit_fields,
          grunt_megastairs_1
Lair:6:   hangedman_lair_in_review, hangedman_lair_caniforms_friends,
          chequers_serial_rivers_large_a, grunt_forest_small_clearing_treed,
          uniq_kirke

Skill      XL: |  1  2  3  4  5  6  7  8  9 10 11 12 13 |
---------------+----------------------------------------+-----
Axes           | 2 3 4 5 6 7 8 9 10 | 10.4
Fighting       | 4 5 6 8 9 10 11 12 | 12.3
Armour         | 4 5 6 8 9 10 11 12 | 12.3
Shields        | 4 5 6 8 9 10 11 12 | 12.3
Invocations    | 1 5 6 |  6.4

Action                   |  1- 3 |  4- 6 |  7- 9 | 10-12 | 13-15 || total
-------------------------+-------+-------+-------+-------+-------++-------
Melee: War axe           |   136 |   251 |   382 |       |       ||   769
       Whip              |       |       |    67 |   881 |   433 ||  1381
Invok: Heroism           |       |       |       |     5 |     3 ||     8
       Finesse           |       |       |       |     2 |       ||     2
Evoke: Wand              |       |       |     4 |       |       ||     4
  Use: Potion            |       |       |     1 |     1 |     1 ||     3
       Scroll            |       |       |    16 |    10 |     5 ||    31
  Eat: Chunk             |     1 |     7 |    10 |    22 |     9 ||    49
       Ration            |       |       |     1 |     1 |       ||     2
Armor: Scale mail        |    68 |   127 |    25 |       |       ||   220
       Chain mail        |       |       |   183 |   344 |   236 ||   763
Dodge: Dodged            |    57 |    67 |    70 |   147 |   100 ||   441
Block: Shield            |    89 |   121 |   319 |   856 |   439 ||  1824
       Reflection        |       |       |     2 |    26 |     1 ||    29

Table legend:
 A = Non-vault XP
 B = Vault XP
 C = Vault XP percentage of total XP
 D = Non-vault monster count
 E = Vault monster count
 F = Vault count percentage of total count
                 A         B        C        D         E       F
            +---------+---------+-------+---------+---------+-------
      Total |   24498 |   20642 |  45.7 |     251 |     121 |  32.5
            +---------+---------+-------+---------+---------+-------
        D:1 |      39 |       0 |   0.0 |      22 |       0 |   0.0
        D:2 |     151 |       6 |   3.8 |      19 |       3 |  13.6
        D:3 |      82 |      95 |  53.7 |      25 |      18 |  41.9
        D:4 |     280 |     595 |  68.0 |      12 |       4 |  25.0
        D:5 |    1004 |     212 |  17.4 |      18 |       1 |   5.3
        D:6 |     639 |       0 |   0.0 |      14 |       0 |   0.0
        D:7 |     521 |       0 |   0.0 |      14 |       0 |   0.0
        D:8 |    1268 |     291 |  18.7 |      16 |       3 |  15.8
        D:9 |    1639 |    2633 |  61.6 |      35 |      10 |  22.2
       D:10 |    2474 |    1129 |  31.3 |      13 |       7 |  35.0
     Lair:1 |    3523 |    2151 |  37.9 |      13 |       1 |   7.1
     Lair:2 |    1528 |    4480 |  74.6 |       9 |      29 |  76.3
     Lair:3 |    1154 |       0 |   0.0 |       6 |       0 |   0.0
     Lair:4 |    6668 |    1578 |  19.1 |      25 |       3 |  10.7
     Lair:5 |    1865 |      93 |   4.7 |       5 |       1 |  16.7
     Lair:6 |    1663 |    7379 |  81.6 |       5 |      41 |  89.1
            +---------+---------+-------+---------+---------+-------
